 Dungeon Crawl Stone Soup version 0.23-a0-119-ga86c9e7 (webtiles) character file.

10361 00Nightcrawler the Basher (level 11, -11/86 HPs)
             Began as a Demonspawn Chaos Knight on Aug 25, 2018.
             Mangled by a spiny frog (21 damage)
             ... on level 1 of the Lair of Beasts.
             The game lasted 00:31:15 (11056 turns).

00Nightcrawler the Basher (DsCK)                   Turns: 11056, Time: 00:31:16

Health: -11/86     AC: 16    Str: 12 (15) XL:     11   Next: 35%
Magic:  0/11       EV:  5    Int: 13      God:    Xom [...*..]
Gold:   502        SH: 10    Dex: 14      Spells: 10/10 levels left

rFire    . . .     SeeInvis .   a - +1 mace (chaos)
rCold    . . .     Gourm    .   g - +0 shield
rNeg     + . .     Faith    .   H - +3 chain mail
rPois    .         Spirit   +   (helmet restricted)
rElec    .         Reflect  .   y - scarf {Spirit}
rCorr    .         Harm     .   d - +0 pair of gloves
MR       .....     Rnd*Rage +   (no boots)
Stlth    ..........             o - amulet of regeneration
HPRegen  0.64/turn              u - ring of positive energy
MPRegen  0.12/turn              (no ring)

@: lethally poisoned (-11 -> -11), cleaving, very slightly contaminated, hasted,
invisible, very quick
A: antennae 2, icy blue scales 2, berserk 1, deterioration 1, powered by death
1, robust 1, wild magic 1, rot immunity
a: Renounce Religion


You were on level 1 of the Lair of Beasts.
You worshipped Xom.
You were a favourite toy of Xom.
You were not hungry.

You visited 2 branches of the dungeon, and saw 11 of its levels.
You visited the Abyss 1 time.
You also visited: Ossuary.

You collected 601 gold pieces.
You spent 99 gold pieces at shops.

Inventory:

Hand Weapons
 a - a +1 mace of chaos (weapon)
Missiles
 h - 4 tomahawks (quivered)
Armour
 d - a +0 pair of gloves (worn)
 g - a +0 shield (worn)
 y - a scarf of spirit shield (worn)
 H - a +3 chain mail (worn)
Jewellery
 o - an amulet of regeneration (around neck)
 u - a ring of positive energy (left hand)
Wands
 l - a wand of digging (35)
 r - a wand of scattershot (7)
 t - a wand of enslavement (7)
 E - a wand of paralysis (14)
Scrolls
 e - a scroll of identify
 j - 3 scrolls of magic mapping
 m - 11 scrolls of remove curse
 v - a scroll of silence
 w - 6 scrolls of teleportation
 x - a scroll of enchant weapon
 B - a scroll of fog {unknown}
 D - a scroll of enchant armour {unknown}
 G - a scroll of noise {unknown}
 J - a scroll of blinking {unknown}
 K - a scroll of amnesia {unknown}
Potions
 b - a potion of cancellation
 f - 6 potions of curing
 i - 3 potions of invisibility
 k - 4 potions of flight
 n - a potion of berserk rage
 p - 3 potions of heal wounds
 q - 4 potions of mutation
 s - 3 potions of ambrosia
 z - 2 potions of brilliance
 C - a potion of agility
 I - a potion of might
Comestibles
 c - 15 rations
 F - 8 chunks of flesh


   Skills:
 + Level 5.1 Fighting
 * Level 12.4 Maces & Flails
 + Level 4.1 Armour
 + Level 3.7 Dodging
 + Level 8.6 Shields


You had 10 spell levels left.
You didn't know any spells.
Your spell library contained the following spells:

 Spells                   Type           Power        Failure   Level  Hunger
 Animate Skeleton         Necr           N/A          100%        1    ##.....
 Confusing Touch          Hex            #.....       100%        1    ##.....
 Corona                   Hex            #......      100%        1    ##.....
 Pain                     Necr           #...         100%        1    ##.....
 Summon Small Mammal      Summ           #...         100%        1    ##.....
 Call Imp                 Summ           #.......     100%        2    ###....
 Ensorcelled Hibernation  Hex/Ice        #.....       100%        2    ###....
 Slow                     Hex            #.......     100%        2    ###....
 Call Canine Familiar     Summ           #.......     100%        3    ####...
 Confuse                  Hex            #.......     100%        3    ####...
 Dazzling Spray           Conj/Hex       #.....       100%        3    ####...
 Gell's Gravitas          Tloc           #.........   100%        3    ####...
 Inner Flame              Hex/Fire       #.......     100%        3    ####...
 Portal Projectile        Hex/Tloc       #.....       100%        3    ####...
 Regeneration             Chrm/Necr      #.........   100%        3    ####...
 Summon Guardian Golem    Hex/Summ       #.......     100%        3    ####...
 Tukima's Dance           Hex            #.......     100%        3    ####...
 Vampiric Draining        Necr           #.........   100%        3    ####...
 Animate Dead             Necr           N/A          100%        4    #####..
 Cause Fear               Hex            #.........   100%        4    #####..
 Leda's Liquefaction      Hex/Erth       #.........   100%        4    #####..
 Petrify                  Tmut/Erth      #.......     100%        4    #####..
 Summon Ice Beast         Ice/Summ       #.......     100%        4    #####..
 Summon Lightning Spire   Summ/Air       #.......     100%        4    #####..
 Metabolic Englaciation   Hex/Ice        #.........   100%        5    ######.
 Yara's Violent Unravell  Hex/Tmut       #.........   100%        5    ######.


Dungeon Overview and Level Annotations

Branches:
Dungeon (10/15)            Temple (0/1) D:5            Lair (1/6) D:9
    Orc (0/2) D:10

Altars:
Ashenzari
Elyvilon
Hepliaklqana
Kikubaaqudgha
Nemelex Xobeh
Ru
Sif Muna
Uskayaw
Xom

Shops:
D:6 *   D:7 [   D:9 (   D:10 [(

Annotations:
D:8 3 exclusions


Innate Abilities, Weirdness & Mutations

You have a pair of antennae on your head.
You are mostly covered in icy blue scales. (AC +3)
You regenerate a little health from kills.
You are immune to rotting.
You tend to lose your temper in combat.
Your body sometimes deteriorates upon taking damage.
You are robust. (+10% HP)
Your spells are a little harder to cast, but a little more powerful.


Message History

Your chain mail prevents you from hitting the spiny frog.
The spiny frog is lightly wounded.
The spiny frog stings you! You block the spiny frog's attack.
You sock the spiny frog!
The spiny frog looks as sick as possible!
The spiny frog is moderately wounded.
The spiny frog stings you!! The spiny frog stings you!
* * * LOW HITPOINT WARNING * * *
You are too injured to fight recklessly!
You are too injured to fight recklessly!
You are too injured to fight recklessly!
Okay, then.
You feel yourself speed up.
You feel sick. The spiny frog stings you!
* * * LOW HITPOINT WARNING * * *
Your body deteriorates!
You feel weakened. The spiny frog barely misses you.
You feel sick. The spiny frog stings you!!
You die...
Xom titters!

.......(.....##
#....$.......#
#.........###
#.........P.#
#...(.....P##
#...........##
##............#
#.............#
###..@.........#
#....F........#
#...(............
#..((..(.......##
#..............!#
...........#.#####
........######
......... .......


You could see a spiny frog (berserk).

Vanquished Creatures
  Sonja (D:10)
  Pikel (D:8)
  A spiny frog (Lair:1)
  Psyche (D:8)
  A komodo dragon (D:9)
  A troll (shapeshifter) (D:9)
  Prince Ribbit (D:9)
  5 blink frogs (Lair:1)
  2 dream sheep (D:8)
  A shadow (D:6)
  Eustachio (D:6)
  3 hungry ghosts
  2 yaks (D:8)
  The ghost of ArcanElement the Magician, an amateur DEWz of Sif Muna (D:4)
  4 water moccasins
  2 swamp drakes (D:7)
  2 ice beasts (D:9)
  An orc warrior (D:10)
  2 black bears
  An ogre (D:7)
  5 centaurs
  7 big kobolds
  2 bullfrogs
  4 scorpions
  A water moccasin skeleton (D:9)
  6 killer bees
  2 wights (D:8)
  2 howler monkeys
  2 centaur zombies (Ossuary)
  A jelly (D:10)
  3 hounds
  3 orc wizards
  6 human zombies (D:8)
  An orc priest (D:10)
  A bullfrog skeleton (D:5)
  2 centaur skeletons (D:6)
  An iguana (D:4)
  9 worker ants
  3 big kobold zombies (Ossuary)
  A hound skeleton (D:4)
  8 mummies
  A worker ant zombie (D:9)
  18 adders
  12 gnolls
  A shadow imp (D:5)
  2 adder skeletons
  2 worms
  4 dart slugs
  7 leopard geckos
  14 orcs
  7 bats
  7 giant cockroaches
  12 hobgoblins
  5 jackals
  33 kobolds
  2 quokkas
  A ball python (D:3)
  6 frilled lizards
  5 goblins
  4 goblin zombies
  A jackal skeleton (D:4)
  A kobold zombie (Ossuary)
  An orc skeleton (D:8)
  An orc zombie (D:8)
  A quokka zombie (D:5)
  10 rats
262 creatures vanquished.

Vanquished Creatures (collateral kills)
  A shock serpent (D:10)
  Joseph (D:10)
  A tyrant leech (D:8)
  6 yaks (D:10)
  An orc warrior (D:10)
  A phantom (D:10)
  A big kobold (D:10)
  An adder (D:10)
  2 orcs (D:10)
  A kobold (D:10)
16 creatures vanquished.

Vanquished Creatures (others)
  A hippogriff (D:7)
  A steam dragon (D:8)
  4 slaves (D:8)
  A sky beast (D:8)
  3 orcs
  3 kobolds (D:10)
  2 fungi (D:4)
  3 plants
18 creatures vanquished.

Grand Total: 296 creatures vanquished

Notes
Turn   | Place    | Note
-------+----------+-------------------------------------------
     0 | D:1      | 00Nightcrawler the Demonspawn Chaos Knight began the quest for the Orb.
     0 | D:1      | Reached XP level 1. HP: 18/18 MP: 1/1
    23 | D:1      | Reached skill level 3 in Maces & Flails
    23 | D:1      | Gained mutation: You have a pair of small antennae on your head. [demonic ancestry]
    23 | D:1      | Reached XP level 2. HP: 11/24 MP: 2/2
   251 | D:1      | XOM: divination: magic mapping
   260 | D:1      | XOM: harmless Chrm miscast
   320 | D:1      | Gained mutation: You regenerate a little health from kills. [demonic ancestry]
   320 | D:1      | Reached XP level 3. HP: 12/29 MP: 3/3
   420 | D:1      | XOM: silly message
   769 | D:1      | Reached skill level 4 in Maces & Flails
   779 | D:1      | Reached skill level 1 in Shields
  1056 | D:2      | Gained mutation: You are immune to rotting. [demonic ancestry]
  1056 | D:2      | Reached XP level 4. HP: 9/35 MP: 4/4
  1273 | D:2      | Found a sacrificial altar of Ru.
  1552 | D:2      | XOM: god gift: tubular bone ring {god gift}
  1625 | D:2      | Gained mutation: You are partially covered in icy blue scales. (AC +2) [demonic ancestry]
  1625 | D:2      | Reached XP level 5. HP: 41/41 MP: 5/5
  1718 | D:2      | Reached skill level 5 in Maces & Flails
  1731 | D:2      | XOM: scenery: create altars
  1910 | D:3      | XOM: silly message
  1943 | D:3      | XOM: divination: detect creatures
  2019 | D:3      | HP: 2/41 [something (6)]
  2880 | D:4      | Reached XP level 6. HP: 30/47 MP: 6/6
  2902 | D:4      | XOM: mild Erth miscast
  2994 | D:4      | XOM: silly message
  3017 | D:4      | XOM: medium Pois miscast
  3065 | D:4      | Reached skill level 6 in Maces & Flails
  3197 | D:4      | XOM: medium Ice miscast
  3197 | D:4      | XOM: smoke on damage
  3247 | D:4      | Gained mutation: You are mostly covered in icy blue scales. (AC +3) [demonic ancestry]
  3247 | D:4      | Reached XP level 7. HP: 26/52 MP: 7/7
  3301 | D:4      | XOM: divination: detect items
  3484 | D:4      | Found a runed gate.
  3486 | D:4      | Found a runed gate.
  3487 | D:4      | Found a runed gate.
  3489 | D:4      | Noticed ArcanElement's ghost (amateur DEWz)
  3888 | D:4      | XOM: potion effect (invisibility)
  3897 | D:4      | XOM: cast spell 'Summon Ice Beast'
  3907 | D:4      | Killed ArcanElement's ghost
  3931 | D:4      | XOM: scenery: 3 doors close
  3990 | D:5      | Entered Level 5 of the Dungeon
  4005 | D:5      | Reached skill level 7 in Maces & Flails
  4027 | D:5      | Found a staircase to the Ecumenical Temple.
  4044 | D:5      | XOM: harmless Air miscast
  4133 | D:5      | XOM: 1-stop teleportation journey
  4311 | D:5      | XOM: silly message
  4508 | D:5      | XOM: cast spell 'Summon Horrible Things'
  4643 | D:5      | XOM: summons friendly white imp
  4647 | D:5      | XOM: summons friendly ufetubus
  4823 | D:5      | XOM: polymorph white imp -> shadow imp
  4965 | D:5      | XOM: god gift: book of Maledictions
  5013 | D:6      | Found a white marble altar of Elyvilon.
  5057 | D:6      | Found a shattered altar of Ashenzari.
  5065 | D:6      | Noticed a shadow
  5066 | D:6      | Found a hazy altar of Hepliaklqana.
  5087 | D:6      | Killed a shadow
  5087 | D:6      | Reached XP level 8. HP: 58/58 MP: 8/8
  5144 | D:6      | Noticed Eustachio
  5177 | D:6      | Killed Eustachio
  5177 | D:6      | Reached skill level 8 in Maces & Flails
  5206 | D:6      | XOM: harmless Conj miscast
  5265 | D:6      | Found a sand-covered staircase.
  5269 | D:6      | XOM: smoke on damage
  5283 | Ossuary  | Entered an ossuary
  5318 | Ossuary  | XOM: scenery: 1 doors close
  5330 | Ossuary  | XOM: summons friendly shadow imp
  5353 | Ossuary  | Reached skill level 5 in Shields
  5574 | D:6      | Found a sparkling altar of Nemelex Xobeh.
  5668 | D:6      | Found Saumug's Assorted Antiques.
  5816 | D:6      | XOM: silly message
  6079 | D:7      | Noticed a hippogriff
  6091 | D:7      | Banished a hippogriff
  6091 | D:7      | Reached skill level 9 in Maces & Flails
  6170 | D:7      | XOM: divination: detect items
  6183 | D:7      | XOM: cast spell 'Leda's Liquefaction'
  6187 | D:7      | Reached XP level 9. HP: 21/63 MP: 9/9
  6196 | D:7      | XOM: enchant monster (good)
  6298 | D:7      | XOM: noise
  6406 | D:7      | Found Tawkyxt's Armour Emporium.
  6414 | D:7      | Bought a scarf of spirit shield for 99 gold pieces
  6486 | D:7      | Found a deep blue altar of Sif Muna.
  6563 | D:7      | Found a shimmering altar of Xom.
  6736 | D:7      | XOM: mild Summ miscast
  6805 | D:7      | XOM: polymorph scorpion -> swamp drake
  6828 | D:7      | Reached skill level 10 in Maces & Flails
  6931 | D:7      | XOM: cloud trail
  7076 | D:8      | Noticed Pikel
  7095 | D:8      | Killed Pikel
  7107 | D:8      | XOM: cast spell 'Summon Butterflies'
  7182 | D:8      | Noticed Psyche
  7202 | D:8      | Killed Psyche
  7388 | D:8      | XOM: cleaving
  7452 | D:8      | XOM: god gift: green potion {god gift}
  7513 | D:8      | Reached skill level 11 in Maces & Flails
  7575 | D:8      | XOM: cleaving
  7596 | D:8      | Reached XP level 10. HP: 61/70 MP: 7/10
  7633 | D:8      | Noticed a three-headed hydra
  7744 | D:8      | XOM: scenery: create altars
  8020 | D:8      | XOM: harmless Tloc miscast
  8209 | D:8      | Found an ancient bone altar of Kikubaaqudgha.
  8426 | D:9      | Reached skill level 1 in Dodging
  8427 | D:9      | XOM: noise
  8448 | D:9      | XOM: confusion
  8453 | D:9      | XOM: 5-stop teleportation journey
  8500 | D:9      | XOM: enchant monster (bad)
  8604 | D:9      | XOM: 9-stop teleportation journey
  8655 | D:9      | XOM: medium Hex miscast
  8741 | D:9      | XOM: noise
  8785 | D:9      | XOM: swap monsters
  8852 | D:9      | Found a hide-covered altar of Uskayaw.
  8862 | D:9      | Found a staircase to the Lair.
  8882 | D:9      | Noticed Prince Ribbit
  8883 | D:9      | Found Wyxkilut's Antique Weapon Emporium.
  9113 | D:9      | XOM: enchant monster (bad)
  9114 | D:9      | XOM: smoke on damage
  9129 | D:9      | XOM: give mutations
  9129 | D:9      | Gained mutation: You have a pair of antennae on your head. [Xom's mischief]
  9129 | D:9      | Gained mutation: You have a pair of large antennae on your head. (SInv) [Xom's mischief]
  9129 | D:9      | Gained mutation: You tend to lose your temper in combat. [Xom's mischief]
  9130 | D:9      | Killed Prince Ribbit
  9306 | D:10     | Entered Level 10 of the Dungeon
  9310 | D:10     | XOM: swap monsters
  9312 | D:10     | Noticed Sonja
  9319 | D:10     | Cast into level 2 of the Abyss (Sonja)
  9357 | D:10     | Escaped the Abyss
  9364 | D:10     | Killed Sonja
  9390 | D:10     | Noticed a two-headed ogre
  9400 | D:10     | XOM: divination: detect items
  9407 | D:10     | XOM: enchant monster (good)
  9510 | D:10     | Noticed a shock serpent
  9510 | D:10     | a two-headed ogre changed into a shock serpent
  9535 | D:10     | XOM: confuse monster(s)
  9618 | D:10     | XOM: 1-stop teleportation journey
  9696 | D:10     | XOM: 3-stop teleportation journey
  9746 | D:10     | XOM: swap monsters
  9760 | D:10     | Found Lamaedei's Armour Emporium.
  9762 | D:10     | Found a staircase to the Orcish Mines.
  9762 | D:10     | Noticed Joseph
  9774 | D:10     | Reached skill level 12 in Maces & Flails
  9775 | D:10     | XOM: cast spell 'Summon Dragon'
  9789 | D:10     | Killed Joseph
  9794 | D:10     | Found Taaraf's Weapon Emporium.
 10002 | D:10     | Killed a shock serpent
 10002 | D:10     | Reached XP level 11. HP: 61/78 MP: 7/11
 10395 | D:8      | a three-headed hydra changed into a tyrant leech
 10397 | D:8      | XOM: summons 6 friendly demons
 10397 | D:8      | XOM: butterfly on damage
 10499 | D:9      | XOM: give mutations
 10499 | D:9      | Gained mutation: Armour fits poorly on your strangely shaped body. [Xom's mischief]
 10499 | D:9      | Gained mutation: You are dopey. (Int -2) [Xom's mischief]
 10499 | D:9      | Gained mutation: Your body sometimes deteriorates upon taking damage. [Xom's mischief]
 10499 | D:9      | Gained mutation: You are frail. (-10% HP) [Xom's mischief]
 10500 | D:9      | Lost mutation: You are frail. (-10% HP) [potion of mutation]
 10500 | D:9      | Lost mutation: You have a pair of large antennae on your head. (SInv) [potion of mutation]
 10500 | D:9      | Lost mutation: Armour fits poorly on your strangely shaped body. [potion of mutation]
 10500 | D:9      | Lost mutation: You are dopey. (Int -2) [potion of mutation]
 10500 | D:9      | Gained mutation: Your spells are a little harder to cast, but a little more powerful. [potion of mutation]
 10500 | D:9      | Gained mutation: You are robust. (+10% HP) [potion of mutation]
 10502 | Lair:1   | Entered Level 1 of the Lair of Beasts
 10519 | Lair:1   | XOM: noise
 10520 | Lair:1   | XOM: swap monsters
 10769 | Lair:1   | XOM: cast spell 'Statue Form'
 10787 | D:9      | XOM: silly message
 10947 | Lair:1   | Reached skill level 5 in Fighting
 10967 | Lair:1   | XOM: harmless Necr miscast
 11025 | Lair:1   | XOM: potion effect (invisibility)
 11029 | Lair:1   | XOM: cleaving
 11056 | Lair:1   | Mangled by a spiny frog

Vault maps used:
D:1:      saegor_arrival_simple_b
D:2:      nicolae_ru_great_annihilating_truth
D:3:      first_ration, minmay_misc_feat_square
D:4:      gammafunk_ghost_nasty_kobolds
D:5:      minmay_temple_entry_statues, sigmund_army
D:6:      serial_shops, nicolae_shop_waterfront, nicolae_ossuary_entry_giza,
          basic_altar, hangedman_feature_mirror, elyvilon_altar_5,
          uniq_eustachio
D:7:      lemuel_crystal_altar, serial_shops, shop, xom_teletrap_fun
D:8:      hangedman_ranch, lemuel_mausoleum_altar_kikubaaqudgha, uniq_psyche,
          uniq_pikel
D:9:      lair_entry_dummy, serial_shops, nicolae_shop_trees, basic_altar,
          uniq_prince_ribbit1
D:10:     orc_david_3, minmay_tree_intersection, uniq_joseph, uniq_sonja
Lair:1:   lab_entry_generic
Abyss:2:  evilmike_abyss_exit_8
Ossuary:  ossuary_crypta

Skill      XL: |  1  2  3  4  5  6  7  8  9 10 11 |
---------------+----------------------------------+-----
Maces & Flails | 3 4 5 6 7 9 11 12 | 12.4
Shields        | 1 2 3 4 5 7 8 |  8.6
Dodging        | 3 |  3.7
Armour         | 3 4 |  4.1
Fighting       | 4 5 |  5.1

Action                   |  1- 3 |  4- 6 |  7- 9 | 10-12 || total
-------------------------+-------+-------+-------+-------++-------
Melee: Mace              |   129 |   242 |   600 |   555 ||  1526
Throw: Tomahawk          |       |       |       |    19 ||    19
Evoke: Wand              |       |       |     4 |     1 ||     5
  Use: Scroll            |       |     2 |    16 |     5 ||    23
       Potion            |       |     1 |     3 |     6 ||    10
 Stab: Confused          |     1 |       |     4 |     7 ||    12
       Petrified         |       |     2 |     9 |     5 ||    16
       Paralysed         |       |     3 |    12 |    11 ||    26
       Sleeping          |       |     1 |     1 |       ||     2
       Petrifying        |       |       |     3 |     2 ||     5
       Invisible         |       |       |       |     4 ||     4
  Eat: Chunk             |     1 |     7 |    12 |     8 ||    28
       Ration            |       |       |     1 |     3 ||     4
Armor: Leather armour    |    52 |    98 |   173 |       ||   323
       Steam dragon scal |       |       |    12 |    12 ||    24
       Chain mail        |       |       |       |   194 ||   194
       Skin              |       |       |       |    30 ||    30
Dodge: Dodged            |    50 |    84 |   168 |   123 ||   425
Block: Shield            |    38 |    80 |   230 |   265 ||   613

Table legend:
 A = Non-vault XP
 B = Vault XP
 C = Vault XP percentage of total XP
 D = Non-vault monster count
 E = Vault monster count
 F = Vault count percentage of total count
                 A         B        C        D         E       F
            +---------+---------+-------+---------+---------+-------
      Total |    9367 |    5435 |  36.7 |     215 |      66 |  23.5
            +---------+---------+-------+---------+---------+-------
        D:1 |      75 |       0 |   0.0 |      29 |       0 |   0.0
        D:2 |     150 |      48 |  24.2 |      33 |       4 |  10.8
        D:3 |     105 |       0 |   0.0 |      21 |       0 |   0.0
        D:4 |     409 |     214 |  34.3 |      15 |      10 |  40.0
        D:5 |     344 |      22 |   6.0 |      12 |       4 |  25.0
        D:6 |     153 |     447 |  74.5 |       3 |       6 |  66.7
        D:7 |    1405 |       0 |   0.0 |      30 |       0 |   0.0
        D:8 |     246 |    2896 |  92.2 |       8 |      22 |  73.3
        D:9 |    2442 |     291 |  10.6 |      29 |       1 |   3.3
       D:10 |    2114 |    1258 |  37.3 |      28 |       6 |  17.6
     Lair:1 |    1924 |       0 |   0.0 |       7 |       0 |   0.0
    Ossuary |       0 |     259 | 100.0 |       0 |      13 | 100.0
            +---------+---------+-------+---------+---------+-------
